 Dungeon Crawl Stone Soup version 0.20-a0-456-g215b21a (webtiles) character file.

1747 AlphabetPasta the Chopper (level 9, 0/69 HPs)
             Began as a Human Monk on Jan 9, 2017.
             Was a Believer of Okawaru.
             Slain by a two-headed ogre
             ... wielding a +0 dire flail
              (16 damage)
             ... on level 7 of the Dungeon on Jan 10, 2017.
             The game lasted 00:21:35 (5410 turns).

AlphabetPasta the Chopper (Human Monk)              Turns: 5410, Time: 00:21:36

Health: 0/69       AC: 25    Str: 15    XL:     9   Next: 26%
Magic:  8/10       EV: 12    Int: 10    God:    Okawaru [**....]
Gold:   322        SH:  0    Dex: 16    Spells: 8/8 levels left

rFire  . . .     SeeInvis .     o - +0 war axe (chop)
rCold  . . .     Gourm    .     p - +0 chain mail {MR+}
rNeg   . . .     Faith    .     (no shield)
rPois  .         Spirit   .     m - +0 helmet
rElec  .         Reflect  .     g - +0 cloak
rCorr  .         Harm     .     (no gloves)
MR     +....                    r - +2 pair of boots "Fatiw" {Regen+}
Stlth  +.........               (no amulet)
                                w - +3 ring of protection
                                v - +5 ring of protection

@: heroism, very slightly contaminated, hasted, very quick
A: no striking features
a: Heroism, Renounce Religion


You were on level 7 of the Dungeon.
You worshipped Okawaru.
Okawaru was pleased with you.
You were not hungry.

You visited 2 branches of the dungeon, and saw 8 of its levels.

You collected 322 gold pieces.

Inventory:

Hand Weapons
 a - a +1 hand axe
 o - a +0 war axe of chopping (weapon)
Missiles
 b - 4 silver javelins (quivered)
 f - 63 bolts
Armour
 g - a +0 cloak (worn)
 m - a +0 helmet (worn)
 p - a +0 chain mail of magic resistance (worn)
 r - the +2 pair of boots "Fatiw" (worn) {Regen+}
   (You found it on level 4 of the Dungeon)

   It increases your rate of regeneration.
 x - a +0 plate armour
Jewellery
 v - a +5 ring of protection (left hand)
 w - a +3 ring of protection (right hand)
Wands
 i - a wand of lightning (2/15)
 y - a wand of iceblast (8/15)
Scrolls
 e - 12 scrolls of teleportation
 l - 2 scrolls of fog
 t - 2 scrolls of remove curse
Potions
 d - 3 potions of curing
 n - a potion of brilliance
 q - a potion of cancellation
 s - a potion of haste
Comestibles
 c - 8 bread rations
 h - a meat ration
 k - 3 chunks of flesh
 u - 3 fruits


   Skills:
 + Level 6.3(11.3) Fighting
 * Level 7.9(12.9) Axes
 * Level 3.1(8.1) Armour
 - Level 5.4(10.4) Dodging
 - Level 2.0(7.0) Stealth
 + Level 2.1 Invocations
 - Level 2.2 Evocations


You had 8 spell levels left.
You didn't know any spells.

Dungeon Overview and Level Annotations

Branches:
Dungeon (7/15)             Temple (1/1) D:6

Altars:
Ashenzari
Cheibriados
Dithmenos
Elyvilon
Fedhas
Gozag
Hepliaklqana
Kikubaaqudgha
Makhleb
Nemelex Xobeh
Okawaru
Qazlal
Ru
Sif Muna
Trog
Vehumet
Xom
Yredelemnul
Zin
The Shining One

Shops:
D:4 %


Message History

* * * LOW HITPOINT WARNING * * *
The two-headed ogre hits you with a giant club!
* * * LOW HITPOINT WARNING * * *
You feel yourself speed up.
The crimson imp blinks!
The two-headed ogre hits you but does no damage.
The two-headed ogre barely misses you.
You are very lightly contaminated with residual magic.
You gain the combat prowess of a mighty hero.
You hit the two-headed ogre but do no damage.
The two-headed ogre is moderately wounded.
The two-headed ogre misses you. The two-headed ogre closely misses you.
You hit the two-headed ogre but do no damage.
The two-headed ogre is moderately wounded.
You hit the two-headed ogre but do no damage.
The two-headed ogre is moderately wounded.
You slash the two-headed ogre!
The two-headed ogre is heavily wounded.
The two-headed ogre closely misses you.
The two-headed ogre hits you with a giant club!
You die...

#.## #..# #### ##.##
####..# #..# ##.....#
#### #..# ###......#
#...###.## ##........#
.....##..# #.........#
......##.# #.........#
.......#@## ##........#
.......#O.# #........#
......§5#.#####.......#
............###.......#
..........#..†.......##
........######......##
........# ###....###
#......## ####...#
#.....< #####


You could see a two-headed ogre and a crimson imp.

Vanquished Creatures
  Sigmund (D:3)
  An orc warrior (D:6)
  A sky beast (D:5)
  An ice beast (D:6)
  3 ogres
  A scorpion (D:7)
  5 killer bees (D:7)
  A crimson imp (D:7)
  A bullfrog zombie (D:6)
  A jelly (D:7)
  4 orc priests
  A bullfrog skeleton (D:7)
  2 orc wizards (D:6)
  5 worker ants
  A killer bee zombie (D:6)
  2 hound zombies
  A hound skeleton (D:7)
  Robin (D:3)
  11 gnolls
  A howler monkey skeleton (D:4)
  3 adders
  2 shadow imps
  3 worms
  2 dart slugs
  7 leopard geckos
  12 orcs
  10 bats
  7 giant cockroaches
  9 goblins
  15 hobgoblins
  15 jackals
  5 quokkas
  A ball python (D:3)
  4 frilled lizards
  A giant cockroach zombie (D:6)
  5 kobolds
  A leopard gecko skeleton (D:4)
  5 rats
152 creatures vanquished.

Notes
Turn   | Place    | Note
-------+----------+-------------------------------------------
     0 | D:1      | AlphabetPasta the Human Monk began the quest for the Orb.
     0 | D:1      | Reached XP level 1. HP: 18/18 MP: 1/1
    75 | D:1      | Reached XP level 2. HP: 15/24 MP: 2/2
   394 | D:1      | Reached XP level 3. HP: 21/29 MP: 3/3
   436 | D:1      | You fall through a shaft!
   471 | D:2      | Found a sacrificial altar of Ru.
   992 | D:1      | Reached XP level 4. HP: 22/35 MP: 4/4
  1023 | D:2      | Reached skill level 4 in Axes
  1659 | D:3      | Reached XP level 5. HP: 42/42 MP: 5/5
  1678 | D:3      | Found a snail-covered altar of Cheibriados.
  1866 | D:3      | Noticed Sigmund
  1881 | D:3      | Killed Sigmund
  1881 | D:3      | Reached skill level 5 in Axes
  1881 | D:3      | Reached XP level 6. HP: 22/48 MP: 6/6
  2032 | D:3      | Noticed Robin
  2055 | D:3      | Killed Robin
  2631 | D:4      | Found a blossoming altar of Fedhas.
  2631 | D:4      | Found a radiant altar of Vehumet.
  2632 | D:4      | Found a shadowy altar of Dithmenos.
  2761 | D:4      | Found Oraf's Food Shop.
  2850 | D:4      | Found a deep blue altar of Sif Muna.
  2985 | D:4      | Reached XP level 7. HP: 55/55 MP: 7/7
  3028 | D:4      | Got a pair of pitted boots
  3041 | D:4      | Identified the +2 pair of boots "Fatiw" {Regen+} (You found it on level 4 of the Dungeon)
  3041 | D:4      | Upgraded the game from 0.20-a0-455-gc3b7d50 to 0.20-a0-456-g215b21a
  3141 | D:5      | Entered Level 5 of the Dungeon
  3325 | D:5      | Reached skill level 5 in Fighting
  3567 | D:5      | Reached skill level 6 in Axes
  3567 | D:5      | Reached skill level 1 in Evocations
  3663 | D:5      | Reached skill level 5 in Dodging
  4048 | D:6      | Reached XP level 8. HP: 50/62 MP: 7/9
  4535 | D:5      | Reached skill level 7 in Axes
  4601 | D:6      | Found a staircase to the Ecumenical Temple.
  4608 | Temple   | Entered the Ecumenical Temple
  4674 | Temple   | Became a worshipper of Warmaster Okawaru
  4674 | Temple   | Reached * piety under Okawaru
  4674 | Temple   | Reached ** piety under Okawaru
  4833 | D:6      | Found a shattered altar of Ashenzari.
  4837 | D:6      | Saw a vision of the Shoals and the Snake Pit.
  4837 | D:6      | Noticed a mana viper
  4837 | D:6      | Noticed a naga mage
  4837 | D:6      | Noticed an anaconda
  4837 | D:6      | Noticed a black mamba
  4837 | D:6      | Noticed a merfolk
  4837 | D:6      | Noticed a sea snake
  4837 | D:6      | Noticed a hippogriff
  4837 | D:6      | Noticed a merfolk
  4837 | D:6      | Noticed a sea snake
  4837 | D:6      | Noticed a sea snake
  4838 | D:6      | Noticed a mana viper
  4838 | D:6      | Noticed a naga warrior
  4838 | D:6      | Noticed a naga sharpshooter
  4839 | D:6      | Noticed a hippogriff
  4839 | D:6      | Noticed a naga sharpshooter
  4982 | D:7      | Reached skill level 1 in Armour
  4998 | D:7      | Reached skill level 1 in Invocations
  5113 | D:7      | Reached XP level 9. HP: 69/69 MP: 10/10
  5391 | D:7      | Noticed a two-headed ogre
  5410 | D:7      | Slain by a two-headed ogre

Vault maps used:
D:1:      minmay_arrival_checkered_box
D:2:      overflow_temple_1_default
D:3:      lemuel_doored_altar, uniq_sigmund, uniq_robin
D:4:      nicolae_overflow_quartered_altars, serial_shops,
          nicolae_shop_behind_doors, kennysheep_pointless_box, minivault_1
D:5:      first_bread, minmay_misc_feat_plants
D:6:      grunt_ashenzari_visionary
Temple:   dshaligram_water_room_temple

Skill      XL: |  1  2  3  4  5  6  7  8  9 |
---------------+----------------------------+-----
Axes           | 4 5 6 7 |  7.9
Fighting       | 4 5 6 |  6.3
Dodging        | 4 5 |  5.4
Evocations     | 1 2 |  2.2
Armour         | 1 3 |  3.1
Invocations    | 1 2 |  2.1
Stealth        | |  2.0

Action                   |  1- 3 |  4- 6 |  7- 9 || total
-------------------------+-------+-------+-------++-------
Melee: Hand axe          |   107 |    62 |       ||   169
       War axe           |       |   152 |   362 ||   514
       Punch             |       |       |     1 ||     1
Invok: Heroism           |       |       |     2 ||     2
Evoke: Wand              |       |       |     2 ||     2
  Use: Scroll            |     4 |     6 |     4 ||    14
       Potion            |       |     2 |     1 ||     3
  Eat: Chunk             |       |     7 |     7 ||    14
       Pizza             |       |       |     1 ||     1
Armor: Robe              |     5 |       |       ||     5
       Chain mail        |    59 |   146 |   240 ||   445
Dodge: Dodged            |    54 |    91 |   192 ||   337
